 Dungeon Crawl Stone Soup version 0.27.1 (webtiles) character file.

Game seed: 15120085823083972556

494 ZARRMARR the Chopper (level 6, 0/52 HPs)
             Began as a Palentonga Fighter on Aug 28, 2021.
             Slain by a gnoll (9 damage)
             ... on level 4 of the Dungeon.
             The game lasted 00:11:28 (3131 turns).

ZARRMARR the Chopper (Palentonga Fighter)           Turns: 3131, Time: 00:11:29

Health: 0/52       AC:  7    Str: 21    XL:     6   Next: 92%
Magic:  6/6        EV:  5    Int:  8    God:
Gold:   211        SH: 10    Dex: 10    Spells: 5/5 levels left

rFire    . . .     SeeInvis +   e - +0 war axe
rCold    . . .     Faith    .   c - +1 kite shield
rNeg     . . .     Spirit   .   b - +0 scale mail
rPois    +         Reflect  .   j - +0 helmet
rElec    .         Harm     .   (no cloak)
rCorr    .         Rampage  .   (no gloves)
Will     .....                  (no barding)
Stlth    ..........             (no amulet)
HPRegen  0.17/turn              d - +4 ring of slaying
MPRegen  0.10/turn              h - ring of poison resistance

@: studying Translocations
A: large, rugged brown scales 3, see invisible, deformed body, roll 1, armoured
tail
a: Rolling Charge


You were on level 4 of the Dungeon.
You visited 1 branch of the dungeon, and saw 4 of its levels.

You collected 211 gold pieces.

Inventory:

Hand Weapons
 e - a +0 war axe (weapon)
Missiles
 l - 8 boomerangs
 m - 29 poisoned darts (quivered)
Armour
 b - a +0 scale mail (worn)
 c - a +1 kite shield (worn)
 j - a +0 helmet (worn)
Jewellery
 d - a +4 ring of slaying (left hand)
 h - a ring of poison resistance (right hand)
Scrolls
 a - a scroll of magic mapping
 f - a scroll of blinking
 g - a scroll of torment
Potions
 i - a potion of brilliance {unknown}
 k - a potion of ambrosia {unknown}


   Skills:
 + Level 4.4 Fighting
 + Level 5.8 Axes
 - Level 2.4 Armour
 + Level 3.7 Shields


You had 5 spell levels left.
You didn't know any spells.
Your spell library was empty.

Dungeon Overview and Level Annotations

Branches:
Dungeon (4/15)
 Temple: D:4-7

Altars:


Innate Abilities, Weirdness & Mutations

You are completely covered in rugged brown scales. (AC +3, +7% HP)
You have supernaturally acute eyesight. (SInv)
Armour fits poorly on your strangely shaped body.
You can roll at nearby foes to attack.
You have a long armoured tail.


Message History

You block the gnoll's attack. The gnoll barely misses you.
The gnoll shaman hits you with a +0 club!
The gnoll barely misses you. You block the gnoll's attack.
You barely miss the gnoll shaman.
The gnoll shaman is almost dead.
You kill the gnoll shaman!
You block the gnoll's attack. x2; The gnoll hits you with a +0 whip!
You slash the gnoll! You tail-slap the gnoll.
You kill the gnoll!
The gnoll hits you from afar with a +0 halberd.
You block the gnoll's attack. The gnoll hits you with a +0 whip.
The gnoll barely misses you.
You completely miss the gnoll.
The gnoll hits you from afar with a +0 spear.
You block the gnoll's attack. The gnoll hits you with a +0 whip.
The gnoll hits you but does no damage.
You barely miss the gnoll. You block the gnoll's attack.
The gnoll barely misses you.
You slash the gnoll!
You kill the gnoll!
The gnoll hits you from afar with a +0 spear.
The gnoll barely misses you.
Roll where?
Press: ? - help, Dir - move target, f - gnoll
Aim: a gnoll, wielding a +0 spear You roll forward with a clatter of scales!
You hit the gnoll.
The gnoll is lightly wounded.
You block the gnoll's attack. x2
You hit the gnoll but do no damage.
The gnoll is lightly wounded.
The gnoll hits you but does no damage. You block the gnoll's attack.
The gnoll hits you from afar with a +0 halberd.
* * * LOW HITPOINT WARNING * * *
You hit the gnoll.
The gnoll is heavily wounded.
The gnoll hits you with a +0 spear.
* * * LOW HITPOINT WARNING * * *
The gnoll hits you from afar with a +0 halberd!
You die...

.#........#
.........+
#........
....... ..... .#
.g. .#.# #g#
#.#.###@#
#.#..#.#####
#.........#
#.#.....##.#
####......#.#
.........##.#
###..#.###.####
#..#.........
####..#.###.####


You could see 2 gnolls.

Vanquished Creatures
  Sigmund (D:2)
  A gnoll shaman (D:4)
  Jessica (D:3)
  An iguana (D:4)
  An orc wizard (D:4)
  A hound zombie (D:3)
  7 gnolls
  6 adders
  An adder skeleton (D:4)
  4 dart slugs
  4 orcs (D:4)
  8 endoplasms
  4 giant cockroaches
  7 goblins
  4 hobgoblins
  3 jackals (D:3)
  6 kobolds
  2 quokkas
  8 ball pythons
  2 bats
  3 frilled lizards
  4 rats
79 creatures vanquished.

Notes
Turn   | Place    | Note
-------+----------+-------------------------------------------
     0 | D:1      | ZARRMARR the Palentonga Fighter began the quest for the
                  | Orb.
     0 | D:1      | Reached XP level 1. HP: 19/19 MP: 1/1
    49 | D:1      | Reached XP level 2. HP: 25/25 MP: 2/2
   258 | D:1      | Found a faded altar of an unknown god.
   269 | D:1      | You fall into a shaft and drop 1 floor!
   336 | D:2      | Noticed Sigmund
   355 | D:3      | Noticed Jessica
   363 | D:3      | Reached XP level 3. HP: 14/31 MP: 3/3
   364 | D:3      | Killed Jessica
   365 | D:3      | Reached skill level 3 in Axes
   391 | D:3      | Reached XP level 4. HP: 21/39 MP: 4/4
   853 | D:3      | Identified a scroll of acquirement
   853 | D:3      | Acquired a manual of Translocations
  1174 | D:2      | Reached XP level 5. HP: 33/44 MP: 5/5
  1175 | D:2      | Reached skill level 4 in Axes
  1603 | D:2      | Killed Sigmund
  1604 | D:2      | Reached skill level 5 in Axes
  1604 | D:2      | Reached XP level 6. HP: 30/51 MP: 6/6
  3131 | D:4      | Slain by a gnoll

Illustrated notes

Levels and vault maps discovered:
D:1:      kennysheep_arrival_seaside, layout_basic, basic_ecumenical_altar
D:2:      layout_loops_cross, uniq_sigmund
D:3:      layout_rooms, uniq_jessica
D:4:      minmay_opposing_rooms, layout_loops_corners, minivault_23,
          minmay_misc_feat_square

Skill      XL: |  1  2  3  4  5 |
---------------+----------------+-----
Axes           | 3 5 |  5.8
Shields        | 3 |  3.7
Fighting       | 4 |  4.4
Armour         | |  2.4

Action                   |  1- 3 |  4- 6 || total
-------------------------+-------+-------++-------
Melee: War axe           |    38 |   137 ||   175
       Tailslap          |     5 |    13 ||    18
Throw: Dart              |       |    44 ||    44
 Abil: Rolling Charge    |    14 |    21 ||    35
  Use: Potion            |     1 |     1 ||     2
       Scroll            |       |    10 ||    10
Armor: Scale mail        |    22 |    43 ||    65
Dodge: Dodged            |     5 |    20 ||    25
Block: Kite shield       |    20 |    73 ||    93
